 Dungeon Crawl Stone Soup version 0.29.1-15-g9cfb28693d (webtiles) character file.

Game seed: 9784251781005098230

136 BuddhaDhamma the Chopper (level 4, -2/39 HPs)
             Began as a Minotaur Berserker on Mar 7, 2023.
             Was a Believer of Trog.
             Slain by an orc
             ... wielding a +0 club
              (3 damage)
             ... on level 3 of the Dungeon.
             The game lasted 00:03:30 (2439 turns).

BuddhaDhamma the Chopper (Minotaur Berserker)       Turns: 2439, Time: 00:03:30

Health: -2/39      AC:  6    Str: 24    XL:     4   Next: 98%
Magic:  3/3        EV:  6    Int:  4    God:    Trog [**....]
Gold:   135        SH:  9    Dex:  9    Spells: 3/3 levels left

rFire   . . .      SeeInvis .   a - +0 hand axe
rCold   . . .      Faith    .   o - +0 tower shield
rNeg    . . .      Spirit   .   l - +0 scale mail
rPois   .          Reflect  .   (helmet restricted)
rElec   .          Harm     .   (no cloak)
rCorr   .          Rampage  .   (no gloves)
Will    .....                   (no boots)
Stlth   ..........              (no amulet)
HPRegen 0.13/turn               (no ring)
MPRegen 0.08/turn               (no ring)

@: brilliant, on berserk cooldown, flying, slowed, invisible, very slow
A: horns 2, retaliatory headbutt
a: Renounce Religion, Berserk, Trog's Hand


You were on level 3 of the Dungeon.
You worshipped Trog.
Trog was pleased with you.
You visited 1 branch of the dungeon, and saw 3 of its levels.

You collected 135 gold pieces.

Inventory:

Hand Weapons
 a - a +0 hand axe (weapon)
Armour
 l - a +0 scale mail (worn)
 o - a +0 tower shield (worn)
Wands
 k - a wand of flame (15)
Scrolls
 b - a scroll of poison {unknown}
 d - a scroll of torment {unknown}
 e - 2 scrolls of identify {unknown}
 h - 2 scrolls of acquirement {unknown}
 j - a scroll of teleportation {unknown}
 m - a scroll of enchant armour {unknown}
Potions
 g - a potion of brilliance
 i - a potion of lignification {unknown}
 n - a potion of heal wounds {unknown}


   Skills:
 - Level 3.6 Fighting
 + Level 6.9 Axes
 - Level 2.4 Armour
 - Level 2.1 Dodging


You had 3 spell levels left.
You didn't know any spells.
Your spell library was empty.

Dungeon Overview and Level Annotations

Branches:
Dungeon (3/15)

Altars:
Makhleb
Nemelex Xobeh


Innate Abilities, Weirdness & Mutations

You have a pair of horns on your head.
You reflexively headbutt those who attack you in melee.


Message History

Trog accepts your kill.
You hit the frilled lizard.
You kill the frilled lizard!
Trog accepts your kill.
You hit the endoplasm but do no damage.
The endoplasm hits you but does no damage.
An orc comes into view. It is wielding a +0 club.
The endoplasm hits you but does no damage.
The orc shouts!
The endoplasm freezes you.
You are frozen.
* * * LOW HITPOINT WARNING * * *
The orc hits you but does no damage. The endoplasm freezes you.
You are frozen.
* * * LOW HITPOINT WARNING * * *
Things that are here:
a +0 dagger; a +0 leather armour; the goblin corpse of Ijyb It was a potion of brilliance.
You feel clever all of a sudden. You block the orc's attack.
The endoplasm freezes you.
You are frozen.
* * * LOW HITPOINT WARNING * * *
The orc hits you but does no damage.
It was a potion of flight.
You feel very buoyant.
You fly up into the air.
You block the orc's attack. The endoplasm barely misses you.
You furiously retaliate!
You headbutt the endoplasm!
You kill the endoplasm!
Trog accepts your kill. The orc hits you but does no damage.
You block the orc's attack. The orc closely misses you.
You furiously retaliate!
You headbutt the orc. The orc hits you but does no damage.
The orc barely misses you. You furiously retaliate!
You headbutt the orc.
It was a potion of invisibility.
You fade into invisibility!
The orc hits you but does no damage. The orc hits you with a +0 club.
You die...

##.#⌠##.#..........#†...###
#⌠.................†...<..#
##.#⌠#.................<..#
##.######..#.#...#........#
##...## #..#.#...#.#....###
#.....####..#........#...#
##...##..........##.######
##_######...#.####.# ###
#..@o..# #.# #..o.o..#
#......o.....
...........####
#.#......(...
#.#.##...#..#. ... ........
# ## .##.##....


You could see 4 orcs.

Vanquished Creatures
  Ijyb (D:3)
  4 adders
  A worm (D:2)
  3 dart slugs
  An orc (D:3)
  7 ball pythons
  2 bats
  10 endoplasms
  A giant cockroach (D:2)
  4 goblins
  7 hobgoblins
  6 jackals (D:2)
  3 kobolds
  A quokka (D:1)
  7 frilled lizards
  4 rats
62 creatures vanquished.

Notes
Turn   | Place    | Note
-------+----------+-------------------------------------------
     0 | D:1      | BuddhaDhamma the Minotaur Berserker began the quest for the
                  | Orb.
     0 | D:1      | Reached XP level 1. HP: 19/19 MP: 0/0
    86 | D:1      | Reached skill level 4 in Axes
   145 | D:1      | Reached XP level 2. HP: 16/26 MP: 1/1
   897 | D:1      | Reached skill level 5 in Axes
  1051 | D:1      | Reached XP level 3. HP: 31/31 MP: 2/2
  1429 | D:2      | Reached ** piety under Trog
  1442 | D:2      | Found a faded altar of an unknown god.
  1906 | D:2      | Identified the +1 leather armour of Gara {+Blink rElec
                  | Int+2}
  1908 | D:2      | Reached skill level 6 in Axes
  1908 | D:2      | Reached XP level 4. HP: 39/39 MP: 3/3
  2024 | D:2      | Identified the +2 dagger of Ymekher {vamp, Int+7}
  2404 | D:3      | Found a burning altar of Makhleb.
  2404 | D:3      | Found a sparkling altar of Nemelex Xobeh.
  2427 | D:3      | Noticed Ijyb
  2435 | D:3      | Killed Ijyb
  2437 | D:3      | HP: 1/39 [frozen (4)]
  2439 | D:3      | Slain by an orc

Illustrated notes

Levels and vault maps discovered:
D:1:      amcnicky_arrival_choice, layout_basic, serial_glass, glass_columns_a,
          glass_columns_b, minmay_pentomino_p4
D:2:      layout_basic, hellmonk_ecumenical_altar_slurped_away, glass_columns_c,
          nicolae_elevator_lobby_asterisk
D:3:      layout_loops_ring, regret_index_temple_of_mockery,
          mainiacjoe_overflow_brackets, amethyst_overflow_temple_binary,
          uniq_sigmund, uniq_robin, uniq_ijyb

Skill      XL: |  1  2  3 |
---------------+----------+-----
Axes           | 4 5 6 |  6.9
Fighting       | |  3.6
Armour         | |  2.4
Dodging        | |  2.1

Action                   |  1- 3 |  4- 6 || total
-------------------------+-------+-------++-------
Melee: Hand axe          |    87 |    27 ||   114
       Headbutt          |    12 |     6 ||    18
Invok: Berserk           |     1 |     1 ||     2
  Use: Potion            |       |     3 ||     3
Armor: Animal skin       |    10 |       ||    10
       Scale mail        |     1 |    11 ||    12
Dodge: Dodged            |    52 |    20 ||    72
Block: Tower shield      |       |     5 ||     5
